Map: Ley Lines

Players

sprite

  • Race: Terran Terran
  • League: Master
  • Spawn Location: 1:00

LigerMaNN - Winner!

  • Race: Zerg Zerg
  • League: Diamond
  • Spawn Location: 7:00

VOD

Have the link to the VOD?

Description

Time

  • Played on: July 3, 2025, 12:24 a.m.
  • Length: 17:35
Show
View Real Time Build Order
Export as new Build Order

sprite Terran 

Build Orders: 1/1/1, Hellion Banshee 

Get SALT Encoding   

  12  0:01  SCV  
  13  0:14  Supply Depot  
  13  0:17  SCV  
  14  0:27  Refinery  
  14  0:38  Barracks  
  14  0:44  SCV  
  15  0:56  SCV  
  16  1:02  Refinery  
  16  1:08  SCV  
  17  1:24  Orbital Command  
  17  1:30  Factory  
  17  1:50  Barracks Reactor  
  17  1:54  SCV  
  18  1:59  Supply Depot  
  18  2:06  SCV  
  19  2:17  Starport  
  19  2:19  SCV  
  20  2:31  SCV  
  20  2:33  Hellion  
  20  2:34  Hellion  
  25  2:39  Barracks Tech Lab  
  25  2:44  SCV  
  26  2:56  SCV  
  26  2:57  Hellion x2  
  31  3:23  Hellion x2  
  35  3:31  SCV  
  35  3:32  Banshee  
  39  3:46  Supply Depot  
  39  4:05  Command Center  
  39  4:30  Banshee  
  38  4:33  Hellion  
  38  4:34  Hellion  
  40  4:55  Hellion x2  
  44  5:02  Barracks Tech Lab  
  44  5:03  Starport  
  44  5:16  Hellion x2  
  48  5:24  Banshee  
  48  5:26  Orbital Command  
  51  5:49  Hellion  
  53  5:50  Hellion  
  49  6:11  Orbital Command, Banshee  
  52  6:22  SCV  
  52  6:25  Siege Tank, Infernal Pre-Igniter  
  56  6:34  SCV  
  55  6:47  Viking x2  
  55  6:49  SCV x2  
  61  7:01  SCV  
  61  7:08  Hyperflight Rotors  
  62  7:22  Command Center  
  62  7:23  Supply Depot  
  62  7:44  Viking x2  
  62  7:45  SCV x2  
  68  7:57  SCV x2  
  70  7:59  Barracks  
  70  8:01  Supply Depot  
  70  8:22  Banshee, Siege Tank  
  70  8:55  Siege Tank  
  71  9:10  Banshee  
  74  9:18  Medivac  
  74  9:19  Medivac  
  74  9:20  SCV x2  
  74  9:24  Orbital Command, Engineering Bay  
  76  9:28  Refinery, Barracks Tech Lab  
  76  9:29  Refinery  
  76  9:34  Barracks x2  
  76  9:35  Siege Tank  
  76  9:36  Command Center, Barracks  
  79  10:19  Siege Tank  
  80  10:34  Banshee  
  83  10:36  Barracks Reactor x2  
  83  10:38  Barracks Tech Lab  
  83  10:40  Stimpack  
  83  10:41  SCV x3  
  78  10:53  SCV x3  
  69  11:16  Siege Tank  
  72  11:19  Orbital Command  
  72  11:24  Factory  
  72  11:26  Factory x2  
  72  11:27  Marine x7  
  72  11:28  Terran Infantry Weapons Level 1  
  67  11:45  Marine x3  
  67  11:47  SCV x3  
  66  11:51  Marine x3  
  71  11:59  SCV x3  
  74  12:03  Medivac x2  
  78  12:15  Factory Tech Lab  
  78  12:16  Factory Tech Lab x2  
  78  12:28  SCV x2  
  78  12:29  SCV  
  81  12:33  Marine  
  81  12:34  Marine x6  
  81  12:35  Combat Shield  
  88  12:39  Engineering Bay  
  88  12:40  SCV  
  88  12:41  SCV x2  
  91  12:51  Refinery, Marine x5  
  91  12:52  Refinery  
  91  12:53  SCV x3  
  99  13:02  Armory  
  99  13:13  Command Center  
  99  13:14  Siege Tank x3  
  99  13:19  Marine x7  
  108  13:20  Supply Depot x2  
  108  13:21  Supply Depot  
  108  13:26  Missile Turret  
  115  13:27  Missile Turret  
  115  13:31  Planetary Fortress  
  115  13:37  Marine  
  115  13:40  Fusion Core  
  116  13:41  Marine x3, Medivac x2  
  116  13:43  SCV x2  
  116  13:44  SCV  
  126  13:50  Terran Vehicle Weapons Level 1  
  126  13:56  Marine  
  126  13:57  Marine x3  
  126  13:59  Marine  
  131  14:03  Terran Infantry Armor Level 1  
  131  14:04  Terran Infantry Weapons Level 2  
  131  14:07  Marine  
  133  14:10  Barracks Reactor  
  132  14:21  Siege Tank  
  135  14:26  Refinery  
  135  14:28  Refinery, Command Center  
  135  14:29  Command Center, Marine x6  
  141  14:35  Orbital Command  
  141  14:44  SCV x3  
  144  14:47  Marine  
  144  14:49  Medivac x2  
  149  14:58  Missile Turret, Supply Depot x2  
  149  15:01  Missile Turret  
  149  15:02  Missile Turret  
  149  15:08  Caduceus Reactor  
  128  15:37  Missile Turret  
  128  15:38  Thor x3  
  137  15:56  Orbital Command  
  118  16:29  Thor x2  
  118  16:30  Orbital Command  
  128  16:39  Siege Tank  
  131  16:51  Marine  
  131  16:52  Marine x7  
Show
View Real Time Build Order
Export as new Build Order

LigerMaNN Zerg - Winner!

Build Orders: Hatch First 

Get SALT Encoding   

  12  0:01  Drone  
  13  0:12  Overlord  
  13  0:17  Drone  
  14  0:31  Drone x2  
  16  0:36  Drone  
  17  0:51  Hatchery  
  17  0:55  Drone  
  17  0:59  Drone  
  18  1:22  Extractor  
  18  1:24  Drone x2, Spawning Pool  
  18  1:28  Drone  
  19  1:38  Overlord  
  19  2:10  Zergling x6  
  19  2:13  Queen x2  
  19  2:15  Drone x2  
  28  2:24  Metabolic Boost  
  28  2:26  Drone  
  28  2:27  Drone  
  30  2:35  Drone  
  30  2:36  Drone  
  32  2:57  Overlord, Hatchery  
  29  3:16  Zergling x2  
  29  3:17  Zergling x10  
  34  3:20  Queen  
  36  3:28  Baneling Nest  
  35  3:47  Zergling x10  
  40  3:57  Spore Crawler  
  40  3:58  Spore Crawler  
  37  4:28  Drone  
  37  4:29  Drone x11  
  48  4:33  Baneling  
  48  4:34  Baneling  
  48  4:41  Drone x2  
  50  4:46  Overlord x4  
  50  4:49  Queen  
  49  5:11  Queen  
  49  5:12  Queen  
  53  5:27  Zergling x22  
  63  5:50  Drone x4  
  63  5:51  Drone x2  
  63  5:54  Queen  
  66  6:02  Drone  
  66  6:03  Drone x3  
  68  6:08  Queen  
  68  6:11  Lair  
  68  6:16  Spore Crawler  
  68  6:17  Spore Crawler  
  66  6:20  Spore Crawler x2  
  66  6:22  Spore Crawler  
  63  6:27  Spore Crawler x2  
  63  6:28  Drone  
  63  6:29  Drone  
  63  6:31  Drone  
  64  6:33  Drone  
  53  6:53  Zergling x22  
  64  7:07  Drone x5  
  69  7:14  Drone x4  
  73  7:17  Queen  
  73  7:18  Queen  
  73  7:19  Overseer  
  77  7:33  Overlord x4  
  77  7:40  Evolution Chamber  
  77  7:43  Roach Warren, Evolution Chamber  
  74  7:56  Hydralisk Den  
  73  7:58  Drone  
  73  7:59  Drone x3  
  73  8:01  Drone x2  
  79  8:12  Hatchery  
  78  8:19  Drone x14  
  90  8:23  Extractor  
  90  8:24  Extractor  
  88  8:28  Extractor x2  
  72  8:48  Zerg Missile Weapons Level 1  
  72  8:49  Glial Reconstitution, Zerg Ground Armor Level 1  
  72  8:52  Muscular Augments  
  72  8:54  Drone x3  
  74  8:56  Extractor  
  72  9:07  Drone x3  
  72  9:08  Drone x3  
  76  9:12  Drone x3  
  76  9:13  Drone x3  
  76  9:15  Drone x3  
  85  9:34  Hydralisk x5  
  85  9:37  Zergling x10  
  100  9:39  Overseer  
  100  9:48  Drone  
  100  9:49  Drone x4  
  105  10:00  Pneumatized Carapace  
  105  10:08  Hydralisk x3  
  105  10:10  Overlord x2  
  105  10:11  Overlord x5  
  111  10:27  Overlord x4  
  111  10:32  Infestation Pit  
  111  10:34  Drone  
  111  10:35  Drone x9  
  120  10:42  Spore Crawler  
  119  10:44  Spore Crawler  
  101  10:52  Hydralisk x11  
  115  11:12  Hydralisk x11  
  137  11:18  Zerg Missile Weapons Level 2  
  137  11:20  Zergling x8  
  137  11:52  Drone x3, Extractor  
  137  11:53  Drone x2, Extractor  
  137  11:54  Drone  
  141  11:57  Roach x10  
  141  11:58  Roach x4  
  169  12:03  Hatchery  
  169  12:06  Overseer x2  
  169  12:07  Overseer x2  
  168  12:16  Hive  
  168  12:21  Zerg Ground Armor Level 2  
  168  12:23  Zergling x30  
  183  12:54  Grooved Spines  
  183  12:57  Overlord x3  
  183  12:58  Overlord x2  
  183  13:06  Overlord x3  
  183  13:32  Viper x2  
  183  13:33  Viper x3  
  198  13:37  Roach  
  200  13:47  Zerg Missile Weapons Level 3  
  200  14:31  Ultralisk Cavern  
  199  14:43  Zerg Ground Armor Level 3  
  199  14:55  Unknown  
  160  15:49  Chitinous Plating  
  160  15:51  Ultralisk  
  160  15:52  Ultralisk x5  
  191  16:22  Ultralisk  
  191  16:24  Zergling x4  
  187  16:37  Zergling x6  
  187  16:38  Zergling x18  
  199  16:43  Baneling Nest  
Tags
 
Composition
Hellion Banshee
Matchup
TvZ
Replay Pack
June 2025
Spawn Locations
Cross Positions
Add a new tag
Caveats
  • Supply blocks, unpowered buildings, or Contaminate may cause inaccurate times.
  • Supply counts are checked every 10 seconds.